 Dungeon Crawl Stone Soup version 0.19.0-22-gd96e5fe (webtiles) character file.

4582 Ladykiller69 the Cleaver (level 10, 0/80 HPs)
             Began as a Formicid Fighter on Nov 19, 2016.
             Was a High Priest of Cheibriados.
             Slain by a basilisk (5 damage)
             ... on level 12 of the Dungeon.
             The game lasted 00:28:11 (6304 turns).

Ladykiller69 the Cleaver (Formicid Fighter)         Turns: 6304, Time: 00:28:11

Health: 0/80       AC: 10    Str: 35    XL:     10   Next: 68%
Magic:  10/10      EV:  2    Int: 25    God:    Cheibriados [*****.]
Gold:   504        SH:  0    Dex: 24    Spells: 0 memorised, 9 levels left

rFire  + . .     SeeInvis +     H - +3 war axe
rCold  x . .     Gourm    .     b - +0 scale mail
rNeg   + + +     Faith    .     c - +0 shield
rPois  ∞         Spirit   .     (helmet unavailable)
rElec  .         Reflect  .     y - +0 cloak
rCorr  .         Harm     .     s - +0 pair of gloves
MR     +....                    (no boots)
Stlth  +.........               F - amulet of inaccuracy (curse)
                                v - ring of flight
                                D - ring of fire

@: petrified, very slow
A: permanent stasis, dig shafts and tunnels, four strong arms, antennae 3
a: Dig, Shaft Self, Bend Time, Temporal Distortion, Slouch, Step From Time,
Renounce Religion, Evoke Flight


You were on level 12 of the Dungeon.
You worshipped Cheibriados.
Cheibriados was extremely pleased with you.
You were not hungry.

You visited 1 branch of the dungeon, and saw 11 of its levels.

You collected 504 gold pieces.

Inventory:

Hand Weapons
 a - a +1 war axe
 H - a +3 war axe (weapon)
Missiles
 e - 4 javelins (quivered)
 i - 245 stones
 E - a tomahawk
 I - 2 throwing nets
Armour
 b - a +0 scale mail (worn)
 c - a +0 shield (worn)
 s - a +0 pair of gloves (worn)
 y - a +0 cloak (worn)
Jewellery
 v - a ring of flight (right hand)
 B - an uncursed amulet of harm
 C - an uncursed amulet of the gourmand
 D - a ring of fire (left hand)
 F - a cursed amulet of inaccuracy (around neck)
 J - an uncursed amulet of rage {unknown}
Wands
 g - a wand of lightning (4/15)
 r - a wand of slowing (37/48)
Scrolls
 h - 3 scrolls of recharging
 l - 5 scrolls of enchant weapon
 m - 6 scrolls of identify
 G - 2 scrolls of magic mapping
 K - 2 scrolls of remove curse {unknown}
Potions
 d - 2 potions of might
 n - a potion of haste {unknown}
 o - a potion of berserk rage
 p - a potion of heal wounds {unknown}
 q - 2 potions of lignification
 t - a potion of mutation {unknown}
 w - a potion of curing
 x - a potion of resistance {unknown}
 z - 2 potions of invisibility {unknown}
Books
 j - a book of Callings

   Spells                             Type                      Level
   a - Summon Small Mammal            Summoning                    1
   b - Call Imp                       Summoning                    2
   c - Call Canine Familiar           Summoning                    3
   d - Summon Guardian Golem          Hexes/Summoning              3
   e - Summon Lightning Spire         Summoning/Air                4
   f - Summon Ice Beast               Ice/Summoning                4
Comestibles
 f - 12 bread rations
 k - 6 fruits
 u - 7 beef jerkies
 A - 3 meat rations
 L - 3 chunks of flesh


   Skills:
 + Level 7.9 Fighting
 * Level 9.8 Axes
 + Level 8.0 Armour
 + Level 8.8 Shields


You had 9 spell levels left.
You didn't know any spells.

Dungeon Overview and Level Annotations

Branches:
Dungeon (10/15)            Temple (0/1) D:7            Lair (0/6) D:10
    Orc (0/2) D:9

Altars:
Cheibriados
Elyvilon
Gozag
Makhleb
Nemelex Xobeh
Okawaru
Qazlal
Ru
Sif Muna
Trog
Zin

Annotations:
D:9 Erolcha


Innate Abilities, Weirdness & Mutations

You are under a permanent stasis effect.
You can dig through walls and to a lower floor.
Your four strong arms can wield two-handed weapons with a shield.
You have a pair of large antennae on your head. (SInv)


Message History

You slash the basilisk!
The basilisk is almost dead.
The basilisk gazes at you.
Your limbs have turned to stone.
The basilisk bites you but does no damage.
You have turned to stone.
The basilisk bites you but does no damage.
The basilisk gazes at you.
You easily resist.
You feel less woody.
Your +0 cloak unmelds from your body.
Your +0 pair of gloves unmelds from your body.
Your +0 scale mail unmelds from your body.
The basilisk bites you.
* * * LOW HITPOINT WARNING * * *
The basilisk bites you but does no damage.
The basilisk bites you!
* * * LOW HITPOINT WARNING * * *
The basilisk bites you!
You die...

#......# ...≈
+......#.≈≈ .
#.)....#.....
#......F#...#
#........#.#
#.........#
####.#####.#
##l# #@## ###


You could see a basilisk.

Vanquished Creatures
  A cyclops (D:10)
  Joseph (D:7)
  A hippogriff (D:9)
  4 yaks (D:9)
  3 water moccasins
  3 ice beasts
  A sky beast (D:7)
  A black bear (D:9)
  2 centaurs
  8 ogres
  A big kobold (D:9)
  A gnoll sergeant (D:7)
  A bullfrog (D:12)
  3 killer bees (D:7)
  2 wights (D:10)
  2 crimson imps
  A centaur zombie (D:4)
  2 jellies
  2 bullfrog skeletons
  3 orc priests
  A gnoll shaman (D:4)
  2 hounds
  A centaur skeleton (D:5)
  5 orc wizards
  3 iguanas
  3 worker ants
  Ijyb (D:2)
  A hound zombie (D:8)
  2 hound skeletons
  Robin (D:3)
  8 gnolls
  A worker ant zombie (D:5)
  6 adders
  A shadow imp (D:5)
  2 oozes
  An adder zombie (D:5)
  3 worms
  A dart slug (D:1)
  25 orcs
  3 ball pythons
  7 giant cockroaches
  13 goblins
  6 hobgoblins
  11 jackals
  5 quokkas
  A ball python skeleton (D:5)
  11 bats
  2 frilled lizards
  11 kobolds
  9 rats
190 creatures vanquished.

Vanquished Creatures (others)
  A jelly (D:7)
1 creature vanquished.

Grand Total: 191 creatures vanquished

Notes
Turn   | Place    | Note
-------+----------+-------------------------------------------
     0 | D:1      | Ladykiller69 the Formicid Fighter began the quest for the Orb.
     0 | D:1      | Reached XP level 1. HP: 18/18 MP: 1/1
   138 | D:1      | Found a snail-covered altar of Cheibriados.
   149 | D:1      | Became a worshipper of Cheibriados the Contemplative
   155 | D:1      | Reached XP level 2. HP: 24/24 MP: 2/2
   283 | D:1      | Reached XP level 3. HP: 16/29 MP: 3/3
   344 | D:1      | Reached * piety under Cheibriados
   579 | D:2      | Noticed Ijyb
   592 | D:2      | Killed Ijyb
   592 | D:2      | Reached skill level 3 in Axes
   592 | D:2      | Reached XP level 4. HP: 32/36 MP: 4/4
   748 | D:2      | Found a burning altar of Makhleb.
   939 | D:2      | Found a glowing silver altar of Zin.
   939 | D:2      | Found an opulent altar of Gozag.
  1074 | D:2      | Found a bloodstained altar of Trog.
  1280 | D:3      | Noticed Robin
  1310 | D:2      | Reached ** piety under Cheibriados
  1435 | D:2      | Reached XP level 5. HP: 38/42 MP: 5/5
  1450 | D:3      | Killed Robin
  1704 | D:3      | Found an iron altar of Okawaru.
  1705 | D:3      | Found a sacrificial altar of Ru.
  1742 | D:3      | Reached *** piety under Cheibriados
  1822 | D:3      | Reached XP level 6. HP: 43/48 MP: 6/6
  1829 | D:3      | Reached skill level 4 in Axes
  2089 | D:4      | Noticed an ogre
  2094 | D:4      | Killed an ogre
  2094 | D:4      | Reached XP level 7. HP: 55/55 MP: 7/7
  2127 | D:4      | Reached skill level 5 in Shields
  2259 | D:4      | Reached skill level 5 in Fighting
  2259 | D:4      | Reached skill level 5 in Axes
  2771 | D:4      | Reached skill level 5 in Armour
  2871 | D:5      | Entered Level 5 of the Dungeon
  2880 | D:5      | Reached **** piety under Cheibriados
  2880 | D:5      | Reached XP level 8. HP: 46/62 MP: 8/8
  3477 | D:5      | Reached skill level 6 in Axes
  3887 | D:6      | Reached ***** piety under Cheibriados
  3935 | D:6      | Found a white marble altar of Elyvilon.
  3943 | D:6      | Found a snail-covered altar of Cheibriados.
  3963 | D:6      | Found a sparkling altar of Nemelex Xobeh.
  4250 | D:7      | Found a deep blue altar of Sif Muna.
  4257 | D:7      | Found a staircase to the Ecumenical Temple.
  4421 | D:7      | Noticed a hill giant
  4425 | D:7      | You fall through a shaft!
  4430 | D:8      | Reached XP level 9. HP: 65/69 MP: 9/9
  4467 | D:7      | Reached skill level 7 in Axes
  4829 | D:7      | Found a stormy altar of Qazlal.
  4997 | D:7      | Reached skill level 8 in Axes
  5041 | D:7      | Noticed Joseph
  5054 | D:7      | Killed Joseph
  5195 | D:7      | You fall through a shaft for 3 floors!
  5195 | D:10     | Entered Level 10 of the Dungeon
  5443 | D:10     | Found a staircase to the Lair.
  5451 | D:10     | Noticed a cyclops
  5472 | D:10     | Killed a cyclops
  5472 | D:10     | Reached XP level 10. HP: 69/79 MP: 10/10
  5512 | D:10     | Found a sparkling altar of Nemelex Xobeh.
  5531 | D:10     | Reached skill level 9 in Axes
  5603 | D:9      | Noticed Erolcha
  5791 | D:9      | Found a staircase to the Orcish Mines.
  6276 | D:9      | You fall through a shaft for 3 floors!
  6276 | D:12     | Found a sacrificial altar of Ru.
  6283 | D:12     | HP: 3/80 [basilisk (9)]
  6285 | D:12     | HP: 1/120 [basilisk (5)]
  6303 | D:12     | HP: 4/80 [basilisk (6)]
  6304 | D:12     | Slain by a basilisk

Skill      XL: |  1  2  3  4  5  6  7  8  9 10 |
---------------+-------------------------------+-----
Axes           | 3 4 5 6 8 9 |  9.8
Shields        | 4 5 6 8 |  8.8
Fighting       | 4 5 7 |  7.9
Armour         | 4 5 6 7 8 |  8.0

Action                   |  1- 3 |  4- 6 |  7- 9 | 10-12 || total
-------------------------+-------+-------+-------+-------++-------
Melee: War axe           |    75 |   178 |   306 |   119 ||   678
Throw: Tomahawk          |       |     2 |     4 |       ||     6
       Stone             |       |     1 |     7 |       ||     8
       Javelin           |       |       |     3 |       ||     3
Invok: Temporal Distorti |       |       |     1 |       ||     1
 Abil: Dig               |       |     6 |    12 |     5 ||    23
       Shaft Self        |       |       |     2 |     1 ||     3
  Use: Scroll            |       |       |     9 |     1 ||    10
       Potion            |       |       |     1 |     5 ||     6
  Eat: Chunk             |       |     2 |    14 |       ||    16
Armor: Scale mail        |    29 |    73 |    97 |    30 ||   229
       Skin              |       |       |       |     6 ||     6
Dodge: Dodged            |    24 |    68 |    90 |    31 ||   213
Block: Shield            |    36 |   118 |   195 |    92 ||   441
